 Dungeon Crawl Stone Soup version 0.26-a0-651-gb41185065b (webtiles) character file.

Game seed: 3094933018381648575

34 Flugslaktarn the Skirmisher (level 3, 0/29 HPs)
             Began as a Human Fighter on Oct 26, 2020.
             Slain by an iguana (8 damage)
             ... on level 4 of the Dungeon.
             The game lasted 00:00:35 (1067 turns).

Flugslaktarn the Skirmisher (Human Fighter)         Turns: 1067, Time: 00:00:36

Health: 0/29       AC:  8    Str: 17    XL:     3   Next: 50%
Magic:  3/3        EV:  7    Int:  8    God:
Gold:   75         SH:  9    Dex: 12    Spells: 2/2 levels left

rFire    . . .     SeeInvis .   a - +0 war axe
rCold    . . .     Faith    .   c - +0 kite shield
rNeg     + . .     Spirit   .   b - +0 scale mail
rPois    .         Reflect  .   (no helmet)
rElec    .         Harm     .   (no cloak)
rCorr    .         Rampage  .   (no gloves)
MR       +....                  i - +0 pair of boots
Stlth    ..........             (no amulet)
HPRegen  0.09/turn              j - ring of positive energy
MPRegen  0.08/turn              m - ring of protection from magic

@: no status effects
A: no striking features
a: no special abilities


You were on level 4 of the Dungeon.
You visited 1 branch of the dungeon, and saw 3 of its levels.

You collected 75 gold pieces.

Inventory:

Hand Weapons
 a - a +0 war axe (weapon)
Armour
 b - a +0 scale mail (worn)
 c - a +0 kite shield (worn)
 i - a +0 pair of boots (worn)
   (You found it on level 1 of the Dungeon)
Jewellery
 j - a ring of positive energy (left hand)
   (You found it on level 1 of the Dungeon)
 m - a ring of protection from magic (right hand)
   (You found it on level 2 of the Dungeon)
Scrolls
 g - 2 scrolls of immolation {unknown}
 h - 3 scrolls of identify {unknown}
 k - a scroll of blinking {unknown}
 o - a scroll of magic mapping {unknown}
 p - a scroll of amnesia {unknown}
 q - a scroll of fog {unknown}
Potions
 d - a potion of might
 e - a potion of brilliance {unknown}
 f - 3 potions of curing {unknown}
 l - a potion of heal wounds {unknown}
 n - a potion of stabbing {unknown}
 r - a potion of cancellation {unknown}


   Skills:
 + Level 3.2 Fighting
 * Level 2.7 Axes
 + Level 3.2 Armour
 + Level 3.2 Shields


You had 2 spell levels left.
You didn't know any spells.
Your spell library was empty.

Dungeon Overview and Level Annotations

Branches:
Dungeon (2/15)

Altars:

Shops:
D:4 (


Message History

You are too injured to fight recklessly!
You are too injured to fight recklessly!
You are too injured to fight recklessly!
Unknown command.
You completely miss the iguana.
The iguana is almost dead.
The iguana bites you.
* * * LOW HITPOINT WARNING * * *
You block the iguana's attack.
You completely miss the iguana.
The iguana is almost dead.
You block the iguana's attack.
You hit the iguana but do no damage.
The iguana is almost dead.
The iguana bites you but does no damage.
You completely miss the iguana.
The iguana is almost dead.
The iguana bites you but does no damage.
The iguana bites you!
You die...

####≈≈≈#.#
..≈≈≈≈≈.#
#.≈≈∩≈≈.#
#.≈≈.≈≈.# # #
####..≈.≈#.#.#
#.#............
$..........#).#
#.[....l....#
####..@###.##
#...# #...#
...#...
####.#### . .
..


You could see an iguana.

Vanquished Creatures
  A dart slug (D:2)
  2 leopard geckos (D:2)
  2 giant cockroaches
  A goblin (D:1)
  6 hobgoblins (D:1)
  6 kobolds (D:1)
  4 bats (D:1)
  A frilled lizard (D:1)
  5 rats (D:1)
28 creatures vanquished.

Notes
Turn   | Place    | Note
-------+----------+-------------------------------------------
     0 | D:1      | Flugslaktarn the Human Fighter began the quest for the Orb.
     0 | D:1      | Reached XP level 1. HP: 18/18 MP: 1/1
   221 | D:1      | Reached XP level 2. HP: 24/24 MP: 2/2
   622 | D:1      | Reached XP level 3. HP: 29/29 MP: 3/3
  1054 | D:2      | You fall into a shaft and drop 2 floors!
  1054 | D:4      | Found Seleg's Antique Weapon Shoppe.
  1067 | D:4      | Slain by an iguana

Illustrated notes

Levels and vault maps discovered:
D:1:      dpeg_arrival_houses_and_road, layout_loops_ring, minmay_circled_x
D:2:      layout_loops_corners, skrybe_limestone_x
D:4:      layout_loops_ring, serial_shops, nicolae_shop_waterfront,
          nicolae_tso_carved_into_rock

Action                   || total
-------------------------++-------
Melee: War axe           ||    95
Armor: Scale mail        ||    34
Dodge: Dodged            ||    29
Block: Kite shield       ||    58

Table legend: (Time is in decaauts)
 A = Elapsed time spent in this place.
 B = Non-inter-level travel time spent in this place.
 C = Inter-level travel time spent in this place.
 D = Time resting spent in this place.
 E = Time spent auto-exploring this place.
 F = Levels seen in this place.
 G = Mean time per level.
                   A        B        C        D        E       F      G
               +--------+--------+--------+--------+--------+-----+--------+
         Total |   1110 |   1088 |     22 |      0 |    857 |   3 |  370.0 |
       Dungeon |   1110 |   1088 |     22 |      0 |    857 |   3 |  370.0 |
               +--------+--------+--------+--------+--------+-----+--------+

Top non-repeatable levels by time:
     D:1: 867 daAuts
     D:2: 225 daAuts
     D:4: 16 daAuts
